 Dungeon Crawl Stone Soup version 0.30-a0-34-gbe8da3892a (webtiles) character file.

Game seed: 10738660756418250865

63 timneilson the Shield-Bearer (level 4, -3/28 HPs)
             Began as a Gargoyle Fighter on Aug 27, 2022.
             Slain by a gnoll
             ... wielding a +0 spear
              (6 damage)
             ... on level 2 of the Dungeon.
             The game lasted 00:01:42 (1641 turns).

timneilson the Shield-Bearer (Gargoyle Fighter)     Turns: 1641, Time: 00:01:42

Health: -3/28      AC: 10    Str: 22    XL:     4   Next: 9%
Magic:  4/4        EV:  9    Int:  8    God:
Gold:   42         SH:  4    Dex:  9    Spells: 3/3 levels left

rFire   . . .      SeeInvis .    a - +0 long sword
rCold   . . .      Faith    .    c - +0 buckler
rNeg    + . .      Spirit   .    b - +0 scale mail
rPois   ∞          Reflect  .    (no helmet)
rElec   +          Harm     .    (no cloak)
rCorr   .          Rampage  .    (no gloves)
Will    .....                    (no boots)
Stlth   ..........               (no amulet)
HPRegen 0.09/turn                (no ring)
MPRegen 0.09/turn                (no ring)

@: flying, invisible
A: sickness immunity, AC +3, negative energy resistance 1, electricity
resistance, torment resistance 1, petrification resistance
a: no special abilities


You were on level 2 of the Dungeon.
You visited 1 branch of the dungeon, and saw 2 of its levels.

You collected 42 gold pieces.

Inventory:

Hand Weapons
 a - a +0 long sword (weapon)
Armour
 b - a +0 scale mail (worn)
 c - a +0 buckler (worn)
Jewellery
 g - a ring of ice
Scrolls
 h - 2 scrolls of teleportation {unknown}
 i - a scroll of identify {unknown}
 k - a scroll of enchant armour {unknown}
 l - a scroll of torment {unknown}
Potions
 d - a potion of might


   Skills:
 + Level 3.5 Fighting
 * Level 2.5 Long Blades
 * Level 3.9 Armour
 + Level 0.5 Dodging
 * Level 4.0 Shields


You had 3 spell levels left.
You didn't know any spells.
Your spell library was empty.

Dungeon Overview and Level Annotations

Branches:
Dungeon (2/15)

Altars:


Innate Abilities, Weirdness & Mutations

You are immune to sickness and miasma.
Your stone body is resilient. (AC +3)
You are immune to poison.
You resist negative energy. (rN+)
You are resistant to electric shocks. (rElec)
You are resistant to unholy torment.
You are immune to petrification.


Message History

* * * LOW HITPOINT WARNING * * *
You miss the adder.
The adder is severely wounded.
The adder bites you but does no damage. x2
You catch the helpless adder completely off-guard!
You hit the adder.
The adder is severely wounded.
The adder closely misses you.
Unknown command.
You hit the adder.
The adder is almost dead.
The adder completely misses you. The adder closely misses you.
The gnoll is attracted toward you.
You barely miss the adder.
The adder is almost dead.
The adder barely misses you. You block the adder's attack.
The gnoll is attracted toward you.
You barely miss the adder.
The adder is almost dead.
You block the adder's attack.
You hit the adder.
You kill the adder!
You block the kobold's attack. The gnoll is attracted toward you.
You have reached level 4!
You feel stronger.
You hit the kobold.
The kobold is severely wounded.
The kobold barely misses you. The gnoll is attracted toward you.
You hit the kobold but do no damage.
The kobold is severely wounded.
The kobold hits you but does no damage. The gnoll hits you but does no damage.
You hit the kobold.
You kill the kobold!
The gnoll is attracted toward you.
You feel less attractive to monsters.
Your Shields skill increases to level 4!
You catch the helpless gnoll completely off-guard!
You hit the gnoll.
The gnoll is moderately wounded.
The gnoll hits you with a +0 spear.
You die...

#.###.[..#..### #.##.# ..#
#.##..#...## #.##†# #.#
#.###......## #.##.# #.# #.#
####....# #.##.# #.# #.#
##.#.####.#.##.# #.#
#.#######........#.##.# ..#
#.#..........#####.##.# #.#
#............>.....##.#######
#.#
###........#@########.#......
#.# #........#g######
#.#.####. #.#
#.######.§......# #.#.# #.
..#####.......§.......# #.#.#
#. ###..........)........#
#.#.# #.
#............######## #.#.#
#. #............# #.#.# #.
#............# #.#.# #.
#............# #.#.####.


You could see a gnoll (unable to see you).

Vanquished Creatures
  3 adders (D:2)
  A dart slug (D:1)
  5 ball pythons
  2 bats (D:2)
  3 endoplasms
  A giant cockroach (D:1)
  2 goblins
  A hobgoblin (D:1)
  2 jackals (D:1)
  5 kobolds
  A quokka (D:2)
  2 frilled lizards
  6 rats
34 creatures vanquished.

Notes
Turn   | Place    | Note
-------+----------+-------------------------------------------
     0 | D:1      | timneilson the Gargoyle Fighter began the quest for the
                  | Orb.
     0 | D:1      | Reached XP level 1. HP: 14/14 MP: 1/1
   276 | D:1      | Reached XP level 2. HP: 19/19 MP: 2/2
  1066 | D:2      | Reached XP level 3. HP: 19/23 MP: 3/3
  1569 | D:2      | Found a faded altar of an unknown god.
  1631 | D:2      | HP: 1/23 [adder (3)]
  1638 | D:2      | Reached XP level 4. HP: 2/28 MP: 4/4
  1641 | D:2      | Reached skill level 4 in Shields
  1641 | D:2      | Slain by a gnoll

Illustrated notes

Levels and vault maps discovered:
D:1:      dpeg_arrival_line_fractal, layout_basic
D:2:      minmay_door_path, layout_basic, basic_ecumenical_altar, basic_altar,
          minmay_3d_cube

Skill      XL: |  1  2  3  4 |
---------------+-------------+-----
Long Blades    | 2 |  2.5
Shields        | 4 |  4.0
Fighting       | |  3.5
Armour         | |  3.9
Dodging        | |  0.5

Action                   |  1- 3 |  4- 6 || total
-------------------------+-------+-------++-------
Melee: Long sword        |   119 |     4 ||   123
  Use: Potion            |     3 |       ||     3
 Stab: Invisible         |     1 |     1 ||     2
Armor: Scale mail        |    82 |     2 ||    84
Dodge: Dodged            |    81 |     1 ||    82
Block: Buckler           |    29 |       ||    29

Table legend: (Time is in decaauts)
 A = Elapsed time spent in this place.
 B = Non-inter-level travel time spent in this place.
 C = Inter-level travel time spent in this place.
 D = Time resting spent in this place.
 E = Time spent auto-exploring this place.
 F = Levels seen in this place.
 G = Mean time per level.
                   A        B        C        D        E       F      G
               +--------+--------+--------+--------+--------+-----+--------+
         Total |   1681 |   1644 |     37 |      0 |   1367 |   2 |  840.5 |
       Dungeon |   1681 |   1644 |     37 |      0 |   1367 |   2 |  840.5 |
               +--------+--------+--------+--------+--------+-----+--------+

Top non-repeatable levels by time:
     D:1: 925 daAuts
     D:2: 755 daAuts
